 Dungeon Crawl Stone Soup version 0.30-a0-347-gf58ed5266c (webtiles) character file.

Game seed: 16893040347863382458

205 ParallaxScroll the Stinger (level 5, -4/39 (44) HPs)
             Began as a Naga Venom Mage on Nov 6, 2022.
             Was an Initiate of Cheibriados.
             Slain by a wight
             ... wielding a +0 long sword
              (5 damage)
             ... on level 4 of the Dungeon.
             The game lasted 00:39:02 (4035 turns).

ParallaxScroll the Stinger (Naga Venom Mage)        Turns: 4035, Time: 00:39:03

HP:   -4/39 (44)    AC:  3    Str: 11    XL:     5   Next: 83%
MP:   7/7           EV: 10    Int: 17    God:    Cheibriados [......]
Gold: 135           SH:  0    Dex: 14    Spells: 3/8 levels left

rFire   . . .      SeeInvis +    a - +2 flail (vorpal)
rCold   . . .      Faith    .    (no shield)
rNeg    . . .      Spirit   .    e - +1 robe
rPois   +          Reflect  .    (no helmet)
rElec   .          Harm     .    (no cloak)
rCorr   .          Rampage  .    (no gloves)
Will    .....                    (no barding)
Stlth   ++........               (no amulet)
HPRegen 0.26/turn                (no ring)
MPRegen 0.10/turn                (no ring)

@: mighty, heavily drained, very slow
A: AC +1, large, see invisible, deformed body, poison resistance, slowness 2,
spit poison 1, naga tail 1, low MP 1, sturdy frame 1
a: Spit Poison, Renounce Religion


You were on level 4 of the Dungeon.
You worshipped Cheibriados.
Cheibriados was noncommittal.
You visited 1 branch of the dungeon, and saw 4 of its levels.

You collected 135 gold pieces.

Inventory:

Hand Weapons
 a - a +2 vorpal flail (weapon)
 b - a +0 sling
 c - a +0 short sword
 h - a +0 hand axe
 j - a +0 dagger
 l - a +0 spear
 m - a +0 scimitar
Missiles
 k - 4 boomerangs (quivered)
 p - 52 stones
Armour
 e - a +1 robe (worn)
 u - a +0 leather armour
 v - a +0 ring mail
Magical Staves
 w - a staff of cold
Scrolls
 f - a scroll of poison
 g - a scroll of teleportation
 r - 2 scrolls of torment
 s - a scroll of amnesia
 t - a scroll of immolation
 x - 2 scrolls of silence {unknown}
 y - a scroll of vulnerability {unknown}
Potions
 d - 2 potions of might
 i - a potion of magic
 n - a potion of heal wounds {unknown}
 o - 2 potions of mutation
 q - 2 potions of flight
 z - a potion of haste {unknown}


   Skills:
 + Level 1.3 Fighting
 - Level 2.0 Short Blades
 - Level 2.0 Maces & Flails
 - Level 1.0 Ranged Weapons
 - Level 1.5 Dodging
 - Level 3.0 Stealth
 - Level 2.0 Spellcasting
 - Level 1.0 Necromancy
 - Level 1.0 Transmutations
 + Level 1.1 Air Magic
 - Level 6.0 Poison Magic


You had 3 spell levels left.
You knew the following spells:

 Your Spells              Type           Power      Damage    Failure   Level
a - Sting                 Tmut/Pois      52%        1d5       4%          1
b - Poisonous Vapours     Pois/Air       26%        N/A       7%          2
c - Cigotuvi's Dreadful   Necr/Pois/Air  20%        N/A       10%         2

Your spell library contained the following spells:

 Spells                   Type           Power      Damage    Failure   Level
 Magic Dart               Conj           4%         1d3       19%         1
 Mephitic Cloud           Conj/Pois/Air  9%         N/A       22%         3
 Call Imp                 Summ           1%         N/A       28%         2
 Olgreb's Toxic Radiance  Pois           22%        N/A       16%         4
 Dispel Undead            Necr           5%         3d7       77%         4
 Death Channel            Necr           2%         N/A       100%        6


Dungeon Overview and Level Annotations

Branches:
Dungeon (4/15)
 Temple: D:4-7

Altars:
Cheibriados
Okawaru
Ru
Yredelemnul
Zin

Annotations:
D:3 1 runed translucent door, ParallaxScroll's ghost, weakling NaVM


Innate Abilities, Weirdness & Mutations

Your serpentine skin is tough. (AC +1)
You have supernaturally acute eyesight. (SInv)
Armour fits poorly on your strangely shaped body.
Your system is resistant to poisons. (rPois)
You cover ground very slowly.
You can spit poison.
You have a snake-like lower body.
Your magical capacity is low. (-10% MP)
Your movements are slightly less encumbered by armour. (ER -2)


Message History

You start resting.
HP restored.
You start resting.
Magic restored.
Things that are here:
a +0 short sword; a +0 leather armour; a giant cockroach corpse
Things that are here:
a +0 hand axe; a +0 leather armour
Found a stone staircase leading up.
There is a stone staircase leading up here.
A wight comes into view. It is wielding a +0 long sword.
You shoot a sling bullet.
The sling bullet hits the wight but does no damage.
A wight comes into view. It is wielding a +1 battleaxe.
The wight attacks as you move away!
The wight hits you with a +0 long sword.
There is a stone staircase leading up here.
The wight hits you with a +0 long sword!
You feel drained.
The wight hits you with a +0 long sword!
* * * LOW HITPOINT WARNING * * *
Okay, then.
It was a potion of mutation.
You feel extremely strange.
You feel less energetic.
You feel less encumbered by your armour.
The wight hits you with a +0 long sword!
* * * LOW HITPOINT WARNING * * *
You feel drained.
* * * LOW HITPOINT WARNING * * *
Unknown command.
Unknown command.
You feel very mighty all of a sudden. The wight closely misses you.
a - a +2 vorpal flail (weapon)
The wight hits you with a +0 long sword.
* * * LOW HITPOINT WARNING * * *
You closely miss the wight. The wight closely misses you.
You hit the wight but do no damage.
The wight hits you with a +0 long sword.
You die...

..###...##........#.#
...... ####.#.#.#.#
#...######........#
#..#.....#.#.#.#.#
#..#.............#
##........#.#.#.###
##...#........z<..#
#....#.....#.#z#.##
###)...###..####@###
..)..#.##..#####.######
.##....#...##.........#
###.##.....##.........#
......................#
....###...###.........#
######...## ###########
#...# #...


You could see 2 wights.

Vanquished Creatures
  An orc priest (D:4)
  6 adders (D:2)
  3 gnolls (D:3)
  4 worms
  2 dart slugs
  5 orcs (D:4)
  8 endoplasms
  4 giant cockroaches
  3 goblins
  8 hobgoblins
  2 jackals (D:2)
  6 kobolds
  7 ball pythons
  6 bats
  6 frilled lizards
  5 rats
76 creatures vanquished.

Notes
Turn   | Place    | Note
-------+----------+-------------------------------------------
     0 | D:1      | ParallaxScroll the Naga Venom Mage began the quest for the
                  | Orb.
     0 | D:1      | Reached XP level 1. HP: 15/15 MP: 3/3
   345 | D:1      | Reached XP level 2. HP: 24/24 MP: 5/5
   348 | D:1      | Learned a level 2 spell: Poisonous Vapours
   476 | D:1      | Reached skill level 1 in Fighting
   569 | D:1      | Reached skill level 1 in Short Blades
  1310 | D:2      | Reached XP level 3. HP: 31/31 MP: 6/6
  1536 | D:2      | Reached skill level 5 in Poison Magic
  1715 | D:2      | Reached skill level 1 in Air Magic
  1715 | D:2      | Reached XP level 4. HP: 35/38 MP: 7/7
  2436 | D:2      | Reached skill level 1 in Ranged Weapons
  2550 | D:2      | Reached skill level 1 in Necromancy
  2892 | D:3      | Reached XP level 5. HP: 33/44 MP: 1/8
  3009 | D:3      | Reached skill level 6 in Poison Magic
  3172 | D:3      | Found a runed translucent door.
  3172 | D:3      | Noticed ParallaxScroll's ghost (weakling NaVM)
  3233 | D:3      | Reached skill level 1 in Maces & Flails
  3611 | D:4      | Learned a level 2 spell: Cigotuvi's Dreadful Rot
  3867 | D:4      | Found a snail-covered altar of Cheibriados.
  3876 | D:4      | Became a worshipper of Cheibriados the Contemplative
  3882 | D:4      | Found a glowing silver altar of Zin.
  3882 | D:4      | Found a sacrificial altar of Ru.
  3895 | D:4      | Found a basalt altar of Yredelemnul.
  3898 | D:4      | Found an iron altar of Okawaru.
  4031 | D:4      | Gained mutation: Your magical capacity is low. (-10% MP)
                  | [potion of mutation]
  4031 | D:4      | Gained mutation: Your movements are slightly less
                  | encumbered by armour. (ER -2) [potion of mutation]
  4033 | D:4      | HP: 1/39 [wight/+0 long sword (2)]
  4035 | D:4      | Slain by a wight

Illustrated notes

Levels and vault maps discovered:
D:1:      ncdulo_lavacross, layout_basic, minmay_pentomino_u4
D:2:      layout_basic
D:3:      layout_basic, portal_sewer_entry_a, gammafunk_ghost_grave,
          dk_noncrumbling_3
D:4:      layout_rooms, minmay_overflow_temple_star_hex, st_stairs_8,
          uniq_eustachio

Skill      XL: |  1  2  3  4  5 |
---------------+----------------+-----
Fighting       | 1 |  1.3
Short Blades   | 1 2 |  2.0
Poison Magic   | 5 6 |  6.0
Air Magic      | 1 |  1.1
Ranged Weapons | 1 |  1.0
Necromancy     | 1 |  1.0
Maces & Flails | 2 |  2.0
Dodging        | |  1.5
Stealth        | |  3.0
Spellcasting   | |  2.0
Transmutations | |  1.0

Action                   |  1- 3 |  4- 6 || total
-------------------------+-------+-------++-------
Melee: Short sword       |    43 |    13 ||    56
       Dagger            |     6 |       ||     6
       Punch             |     3 |       ||     3
       Flail             |       |    18 ||    18
 Fire: Sling             |    11 |    49 ||    60
Throw: Boomerang         |       |     1 ||     1
 Cast: Sting             |    24 |    26 ||    50
       Poisonous Vapours |       |     6 ||     6
       Cigotuvi's Dreadf |       |     1 ||     1
 Abil: Spit Poison       |    16 |    17 ||    33
  Use: Scroll            |     3 |     7 ||    10
       Potion            |       |     2 ||     2
 Stab: Sleeping          |     1 |       ||     1
Armor: Robe              |    11 |    12 ||    23
Dodge: Dodged            |    21 |    17 ||    38

Table legend: (Time is in decaauts)
 A = Elapsed time spent in this place.
 B = Non-inter-level travel time spent in this place.
 C = Inter-level travel time spent in this place.
 D = Time resting spent in this place.
 E = Time spent auto-exploring this place.
 F = Levels seen in this place.
 G = Mean time per level.
                   A        B        C        D        E       F      G
               +--------+--------+--------+--------+--------+-----+--------+
         Total |   4980 |   4573 |    407 |   1323 |   2585 |   4 | 1245.0 |
       Dungeon |   4980 |   4573 |    407 |   1323 |   2585 |   4 | 1245.0 |
               +--------+--------+--------+--------+--------+-----+--------+

Top non-repeatable levels by time:
     D:2: 1711 daAuts
     D:1: 1642 daAuts
     D:3: 1140 daAuts
     D:4: 486 daAuts
